Map: Newkirk Precinct TE (Void)

Players

thermy (uThermal) - Winner!

  • Race: Terran Terran
  • League: Master
  • Spawn Location: 7:00

Nice

  • Race: Protoss Protoss
  • League: Master
  • Spawn Location: 5:00

Event: NationWars IV

VOD

Have the link to the VOD?

Description

Time

  • Played on: Jan. 2, 2017, 3:34 p.m.
  • Length: 8:44

All games in this series

Show
View Real Time Build Order
Export as new Build Order

thermy Terran - Winner!

Build Orders:  

Get SALT Encoding   

  12  0:01  SCV  
  13  0:13  SCV  
  14  0:18  Supply Depot  
  14  0:26  SCV  
  15  0:40  SCV  
  15  0:41  Barracks  
  16  0:46  Refinery  
  16  0:52  SCV  
  17  1:04  SCV  
  18  1:16  SCV  
  19  1:28  Orbital Command, Marine  
  20  1:42  Command Center  
  20  1:54  SCV  
  20  1:58  Factory  
  21  2:06  Barracks Reactor  
  21  2:07  SCV  
  22  2:16  Supply Depot  
  22  2:18  Engineering Bay  
  22  2:22  SCV  
  23  2:30  Bunker  
  23  2:37  SCV  
  23  2:42  Marine x2  
  26  2:46  Missile Turret  
  26  2:52  SCV  
  27  2:58  Orbital Command  
  27  3:04  SCV  
  28  3:09  Cyclone  
  31  3:13  Marine  
  31  3:16  Marine  
  31  3:18  SCV  
  33  3:24  SCV  
  33  3:25  Refinery  
  34  3:31  Marine  
  34  3:34  Marine  
  35  3:36  SCV  
  37  3:45  SCV  
  37  3:46  Starport  
  38  3:51  SCV  
  39  3:57  SCV  
  39  3:58  Widow Mine  
  39  4:00  Marine  
  43  4:03  SCV  
  43  4:07  Supply Depot  
  44  4:12  SCV  
  45  4:19  Marine  
  46  4:28  Widow Mine  
  46  4:29  Medivac, SCV x2  
  52  4:38  Marine x2  
  54  4:47  SCV  
  54  4:48  SCV  
  54  4:52  Missile Turret  
  49  4:56  Marine x2, Liberator  
  49  4:59  SCV  
  47  5:00  SCV  
  47  5:09  Widow Mine  
  47  5:11  SCV  
  47  5:12  SCV  
  54  5:17  Supply Depot  
  54  5:37  Bunker  
  54  5:38  Marine x2, Widow Mine  
  54  5:39  SCV x2  
  54  5:40  Supply Depot  
  60  5:51  SCV x2  
  60  5:52  Barracks  
  60  5:54  Barracks  
  58  5:57  Marine x2  
  58  6:01  Viking  
  58  6:03  SCV  
  63  6:06  Missile Turret  
  63  6:08  Missile Turret  
  63  6:10  Factory Tech Lab  
  63  6:12  SCV  
  63  6:15  Marine  
  63  6:18  SCV  
  67  6:19  Marine  
  67  6:31  Siege Tank  
  70  6:33  Viking  
  70  6:36  Marine  
  70  6:39  SCV  
  72  6:42  Marine, SCV  
  72  6:46  Marine  
  75  6:51  SCV  
  75  6:54  Marine, SCV  
  78  7:07  Marine x2, SCV  
  78  7:08  Supply Depot  
  78  7:10  Supply Depot  
  78  7:11  SCV, Siege Tank, Viking  
  78  7:12  Marine  
  85  7:17  Barracks  
  85  7:19  Barracks  
  82  7:31  Refinery  
  82  7:32  Marine  
  82  7:34  Refinery  
  82  7:35  Barracks Tech Lab x2  
  81  7:41  Viking  
  81  7:43  Supply Depot, Siege Tank  
  85  7:54  SCV  
  85  7:58  SCV  
  78  8:01  Marine x2  
  78  8:02  Marauder  
  79  8:18  Marine  
  79  8:19  Marine  
  84  8:20  Starport Reactor  
  84  8:23  Marauder  
  86  8:31  Command Center, Supply Depot  
Show
View Real Time Build Order
Export as new Build Order

Nice Protoss 

Build Orders: Oracle Opening 

Get SALT Encoding   

  12  0:01  Probe (Chrono Boost)  
  13  0:12  Probe (Chrono Boost)  
  14  0:18  Pylon  
  14  0:22  Probe (Chrono Boost)  
  15  0:36  Probe (Chrono Boost), Gateway  
  16  0:47  Probe (Chrono Boost)  
  16  0:48  Assimilator  
  17  0:52  Assimilator  
  17  0:57  Probe (Chrono Boost)  
  18  1:08  Probe (Chrono Boost)  
  19  1:18  Probe (Chrono Boost)  
  19  1:23  Cybernetics Core  
  20  1:27  Pylon  
  20  1:29  Probe (Chrono Boost)  
  21  1:39  Probe (Chrono Boost)  
  22  1:50  Probe (Chrono Boost)  
  23  2:00  Stargate  
  23  2:02  Adept  
  23  2:03  Mothership Core (Chrono Boost)  
  27  2:10  Pylon  
  27  2:16  Warp Gate  
  27  2:28  Probe (Chrono Boost)  
  28  2:39  Oracle  
  31  2:46  Adept  
  33  2:59  Nexus  
  33  3:12  Pylon  
  33  3:15  Pylon, Oracle  
  32  3:24  Probe (Chrono Boost)  
  36  3:33  Adept  
  38  3:37  Probe (Chrono Boost)  
  39  3:46  Oracle  
  40  3:49  Probe (Chrono Boost)  
  43  4:01  Probe (Chrono Boost)  
  44  4:11  Probe (Chrono Boost)  
  44  4:13  Probe (Chrono Boost)  
  46  4:17  Oracle  
  46  4:22  Probe (Chrono Boost)  
  51  4:25  Probe (Chrono Boost)  
  51  4:27  Pylon  
  51  4:32  Probe (Chrono Boost)  
  48  4:53  Void Ray  
  49  5:04  Probe (Chrono Boost)  
  49  5:06  Probe (Chrono Boost), Gateway  
  51  5:08  Gateway  
  51  5:09  Gateway  
  51  5:13  Pylon  
  49  5:16  Probe (Chrono Boost)  
  49  5:17  Stalker  
  49  5:18  Probe (Chrono Boost)  
  53  5:26  Probe (Chrono Boost)  
  54  5:30  Void Ray  
  54  5:31  Gateway  
  54  5:32  Gateway  
  58  5:42  Stalker  
  60  6:05  Pylon  
  60  6:07  Probe (Chrono Boost)  
  60  6:08  Void Ray  
  60  6:10  Gateway  
  62  6:27  Zealot x4  
  65  6:45  Void Ray  
  62  6:47  Stalker  
  60  6:57  Probe (Chrono Boost)  
  60  6:58  Probe (Chrono Boost)  
  60  7:01  Stalker  
  60  7:07  Probe (Chrono Boost)  
  57  7:10  Probe (Chrono Boost)  
  57  7:30  Probe (Chrono Boost)  
  57  7:32  Probe (Chrono Boost)  
  59  7:46  Zealot x5  
  59  8:14  Stalker  
  59  8:15  Zealot  
  59  8:23  Stalker  
  61  8:31  Stalker x3  
Tags
 
Add a new tag
Caveats
  • Supply blocks, unpowered buildings, or Contaminate may cause inaccurate times.
  • Supply counts are checked every 10 seconds.